 Dungeon Crawl Stone Soup version 0.29.1-13-g9f3cf754e1 (webtiles) character file.

Game seed: 15357481596400835114

106 xian the Shooter (level 4, 0/32 HPs)
             Began as a Demonspawn Wanderer on Feb 11, 2023.
             Slain by Crazy Yiuf
             ... wielding a +4 quarterstaff of chaos
              (18 damage)
             ... on level 2 of the Dungeon.
             The game lasted 00:04:48 (2346 turns).

xian the Shooter (Demonspawn Wanderer)              Turns: 2346, Time: 00:04:48

Health: 0/32       AC:  3    Str:  9    XL:     4   Next: 55%
Magic:  0/5        EV: 12    Int: 17    God:
Gold:   67         SH:  8    Dex: 14    Spells: 2/5 levels left

rFire   . . .      SeeInvis .   a - +0 sling
rCold   . . .      Faith    .   (no shield)
rNeg    . . .      Spirit   .   d - +0 robe
rPois   .          Reflect  .   (no helmet)
rElec   .          Harm     .   (no cloak)
rCorr   .          Rampage  .   (no gloves)
Will    .....                   b - +0 pair of boots
Stlth   ++........              (no amulet)
HPRegen 0.10/turn               (no ring)
MPRegen 0.09/turn               (no ring)

@: no status effects
A: large bone plates 1, condensation shield
a: no special abilities


You were on level 2 of the Dungeon.
You visited 1 branch of the dungeon, and saw 2 of its levels.

You collected 67 gold pieces.

Inventory:

Hand Weapons
 a - a +0 sling (weapon)
Armour
 b - a +0 pair of boots (worn)
 d - a +0 robe (worn)
Scrolls
 c - 2 scrolls of blinking
 f - 2 scrolls of teleportation {unknown}
 g - a scroll of amnesia {unknown}
 h - a scroll of poison {unknown}
 j - 2 scrolls of identify {unknown}
Potions
 e - a potion of heal wounds {unknown}
 i - a potion of curing {unknown}
 k - a potion of resistance {unknown}
 l - a potion of attraction {unknown}


   Skills:
 + Level 1.3 Fighting
 + Level 3.4 Ranged Weapons
 + Level 1.8 Armour
 + Level 2.0 Dodging
 + Level 1.6 Stealth
 + Level 0.5 Shields
 + Level 1.0 Spellcasting
 + Level 2.0 Conjurations
 + Level 0.4 Air Magic


You had 2 spell levels left.
You knew the following spells:

 Your Spells              Type           Power      Damage    Failure   Level
a - Shock                 Conj/Air       20%        1d4       13%         1
b - Searing Ray           Conj           14%        2d5       14%         2

Your spell library contained the following spells:

 Spells                   Type           Power      Damage    Failure   Level
 Apportation              Tloc           0%         N/A       22%         1
 Necrotise                Necr           0%         1d4       22%         1
 Summon Small Mammal      Summ           0%         N/A       22%         1
 Conjure Flame            Conj/Fire      4%         6-21      38%         3
 Ignite Poison            Fire/Tmut/Pois 0%         N/A       54%         3
 Flame Wave               Conj/Fire      4%         2d5       80%         4
 Sticky Flame             Conj/Fire      4%         2d3       80%         4


Dungeon Overview and Level Annotations

Branches:
Dungeon (2/15)

Altars:

Annotations:
D:2 Crazy Yiuf


Innate Abilities, Weirdness & Mutations

You are partially covered in large bone plates. (SH +4)
A meltable shield of frost defends you. (SH +4)


Message History

Aim: an adder (severely wounded, 57% to hit)
The searing ray hits the adder.
You kill the adder! (Press . to maintain the ray.)
Your Dodging skill increases to level 2!
Found a ring mail.
You see here a +0 ring mail.
Found a stone staircase leading down.
Found a hammer.
Found a runed translucent door.
You open the door.
Crazy Yiuf shouts!
Casting: Searing Ray (safe; 14% risk of failure)
Confirm with . or Enter, or press ? or * to list all spells.
Aiming: Searing Ray (safe; 14% risk of failure)
Press: ? - help, Shift-Dir - straight line, f - Crazy Yiuf
Aim: Crazy Yiuf, wielding a +4 quarterstaff of chaos, wearing a +0 cloak and carrying a wand of digging (4) (77% to hit)
The searing ray hits Crazy Yiuf.
Crazy Yiuf is lightly wounded. (Press . to maintain the ray.) Crazy Yiuf whimpers, "Tonal!
Race snail Orb Guardian."
The searing ray hits Crazy Yiuf.
Crazy Yiuf is lightly wounded.
The searing ray hits Crazy Yiuf.
Crazy Yiuf is moderately wounded.
Crazy Yiuf says, "Crazy?
Crazy!?
PORCUPINE!"
Crazy Yiuf hits you with a +4 quarterstaff of chaos!
The searing ray hits Crazy Yiuf.
Crazy Yiuf is severely wounded.
You finish channelling your searing ray.
Crazy Yiuf barely misses you.
Fire: a) +0 sling
Press: ? - help, Q - select action, (/) - cycle Shift-Dir - straight line, f/p - Crazy Yiuf
Aim: Crazy Yiuf, wielding a +4 quarterstaff of chaos, wearing a +0 cloak and carrying a wand of digging (4) (heavily wounded, 60% to hit)
You shoot a sling bullet.
The sling bullet barely misses Crazy Yiuf.
Crazy Yiuf hits you with a +4 quarterstaff of chaos.
Crazy Yiuf freezes you.
Crazy Yiuf hits you with a +4 quarterstaff of chaos!!
Ouch! That really hurt!
You die...

####.# #+..+# .....# #....#
###..####### #....#
###........# ##...# #######
......####.# ##.## #.....#
.##.#.####.# ##.# #####.#
.##.#....†.# #.## #####.#
....#.#.#..# ##.# #...#.#
......#.#..# #@## ###.#.#
.###.......# #g# ###.#.#
.###..#.#..# ... #.....#
.#.........# #...# ###...#
.#.#..#.##.# #)..# ###.#
.#.#..#.##.# ##### #.#
.....).....# ####.###
.#.##.....#############....).#
...##.............##.....^.#.#


You could see Crazy Yiuf.

Vanquished Creatures
  4 gnolls
  3 adders (D:2)
  A worm (D:2)
  2 dart slugs
  6 ball pythons (D:2)
  2 bats
  3 endoplasms
  2 goblins (D:2)
  5 hobgoblins
  4 jackals (D:2)
  A quokka (D:2)
  A frilled lizard (D:1)
34 creatures vanquished.

Notes
Turn   | Place    | Note
-------+----------+-------------------------------------------
     0 | D:1      | xian the Demonspawn Wanderer began the quest for the Orb.
     0 | D:1      | xian set off with the following items: a +0 sling, a +0
                  | pair of boots, a scroll of blinking, a +0 robe; and the
                  | following spell memorised: Shock; and the following spells
                  | available to memorise: Searing Ray, Flame Wave.
     0 | D:1      | Reached XP level 1. HP: 13/13 MP: 2/2
    14 | D:1      | Reached skill level 2 in Ranged Weapons
   240 | D:1      | Gained mutation: You are partially covered in large bone
                  | plates. (SH +4) [demonic ancestry]
   240 | D:1      | Reached XP level 2. HP: 5/19 MP: 3/3
   595 | D:1      | Found a faded altar of an unknown god.
   675 | D:1      | Learned a level 2 spell: Searing Ray
   711 | D:2      | Gained mutation: A meltable shield of frost defends you.
                  | (SH +4) [demonic ancestry]
   711 | D:2      | Reached XP level 3. HP: 25/25 MP: 0/4
   724 | D:1      | Reached skill level 1 in Fighting
   935 | D:2      | Reached skill level 3 in Ranged Weapons
  1314 | D:2      | Reached XP level 4. HP: 13/32 MP: 0/5
  2337 | D:2      | Found a runed translucent door.
  2338 | D:2      | Noticed Crazy Yiuf
  2346 | D:2      | Slain by Crazy Yiuf

Illustrated notes

Levels and vault maps discovered:
D:1:      dpeg_arrival_ternary, layout_rooms, basic_ecumenical_altar
D:2:      layout_loops_cross, uniq_crazy_yiuf_cottage

Skill      XL: |  1  2  3  4 |
---------------+-------------+-----
Ranged Weapons | 2 3 |  3.4
Fighting       | 1 |  1.3
Dodging        | 2 |  2.0
Armour         | |  1.8
Stealth        | |  1.6
Shields        | |  0.5
Spellcasting   | |  1.0
Conjurations   | |  2.0
Air Magic      | |  0.4

Action                   |  1- 3 |  4- 6 || total
-------------------------+-------+-------++-------
 Fire: Sling             |    66 |    55 ||   121
 Cast: Shock             |     4 |       ||     4
       Searing Ray       |     5 |     4 ||     9
Armor: Robe              |     8 |     7 ||    15
Dodge: Dodged            |    26 |    14 ||    40
Block: Other             |    10 |    15 ||    25
